 Dungeon Crawl Stone Soup version 0.30-a0-772-g5528072125 (webtiles) character file.

Game seed: 4135854692397540112

2448 pokeman the Thaumaturge (level 9, -7/48 HPs)
             Began as a Deep Elf Hedge Wizard on Feb 12, 2023.
             Was a Follower of Vehumet.
             Mangled by an orc knight
             ... wielding a +0 war axe
              (11 damage)
             ... in a bailey.
             The game lasted 00:17:48 (5716 turns).

pokeman the Thaumaturge (Deep Elf Hedge Wizard)     Turns: 5716, Time: 00:17:49

Health: -7/48      AC:  8    Str:  7    XL:     9   Next: 25%
Magic:  39/44      EV: 13    Int: 24    God:    Vehumet [*.....]
Gold:   369        SH:  0    Dex: 14    Spells: 18/30 levels left

rFire   + . .      SeeInvis .    l - +0 arbalest
rCold   + . .      Faith    .    (shield currently unavailable)
rNeg    . . .      Spirit   .    w - +2 robe {rC+ rF+}
rPois   .          Reflect  .    c - +0 hat
rElec   .          Harm     .    (no cloak)
rCorr   .          Rampage  .    g - +2 pair of gloves
Will    .....                    x - +0 pair of boots
Stlth   ++                       n - amulet of magic regeneration
HPRegen 0.28/turn                f - ring of magical power
MPRegen 0.69/turn                v - ring of magical power

@: no status effects
A: no striking features
a: Renounce Religion


You were in a bailey.
You worshipped Vehumet.
Vehumet was aware of your devotion.
You visited 2 branches of the dungeon, and saw 8 of its levels.
You also visited: Bailey.

You collected 369 gold pieces.

Inventory:

Hand Weapons
 l - a +0 arbalest (weapon)
 G - a +2 hand axe of freezing
Armour
 c - a +0 hat (worn)
 g - a +2 pair of gloves (worn)
 w - a +2 robe of resistance (worn)
 x - a +0 pair of boots (worn)
Jewellery
 b - a ring of resist corrosion
 f - a ring of magical power (left hand)
 n - an amulet of magic regeneration (around neck)
 o - a ring of see invisible
 v - a ring of magical power (right hand)
Wands
 s - a wand of charming (14)
 F - a wand of polymorph (3)
Scrolls
 a - 3 scrolls of fear {unknown}
 e - 2 scrolls of amnesia {unknown}
 h - 3 scrolls of teleportation {unknown}
 i - 2 scrolls of immolation {unknown}
 j - 2 scrolls of identify {unknown}
 k - a scroll of noise {unknown}
 m - a scroll of summoning {unknown}
 t - a scroll of poison {unknown}
 y - 2 scrolls of enchant weapon {unknown}
 C - 2 scrolls of vulnerability {unknown}
 E - a scroll of fog {unknown}
Potions
 d - 3 potions of magic
 p - a potion of cancellation {unknown}
 q - 2 potions of brilliance {unknown}
 r - 5 potions of heal wounds {unknown}
 u - a potion of curing {unknown}
 z - 2 potions of flight {unknown}
 A - a potion of might {unknown}
 B - a potion of invisibility {unknown}
 D - a potion of berserk rage {unknown}


   Skills:
 - Level 2.0 Fighting
 + Level 3.6 Armour
 - Level 3.0 Dodging
 - Level 3.1 Stealth
 * Level 11.2 Spellcasting
 + Level 6.1 Conjurations
 - Level 2.2 Summonings
 - Level 1.1 Translocations
 + Level 4.0 Fire Magic
 - Level 2.0 Air Magic
 - Level 1.2 Poison Magic
 - Level 1.0 Evocations


You had 18 spell levels left.
You knew the following spells:

 Your Spells              Type           Power      Damage    Failure   Level
a - Magic Dart            Conj           100%       1d8       1%          1
b - Mephitic Cloud        Conj/Pois/Air  28%        N/A       3%          3
c - Call Imp              Summ           24%        N/A       2%          2
d - Blink                 Tloc           36%        N/A       4%          2
e - Flame Wave            Conj/Fire      37%        2d10      6%          4

Your spell library contained the following spells:

 Spells                   Type           Power      Damage    Failure   Level
 Kiss of Death            Conj/Necr      100%       2d13      1%          1
 Shock                    Conj/Air       100%       1d9       1%          1
 Scorch                   Fire           64%        2d8       1%          2
 Slow                     Hex            52%        N/A       4%          1
 Cigotuvi's Dreadful Rot  Necr/Pois/Air  36%        N/A       4%          2
 Swiftness                Air            23%        N/A       6%          3
 Ozocubu's Armour         Ice            13%        N/A       14%         3
 Airstrike                Air            11%        2d(2-18)  21%         4
 Summon Cactus Giant      Summ           12%        N/A       96%         6
 Ozocubu's Refrigeration  Ice            6%         4d8       100%        7


Dungeon Overview and Level Annotations

Branches:
Dungeon (7/15)             Temple (1/1) D:6          Bailey (1/1)

Altars:
Cheibriados
Elyvilon
Hepliaklqana
Kikubaaqudgha
Ru
Vehumet


Message History

Casting: Mephitic Cloud (dangerous; 3% risk of failure)
Confirm with . or Enter, or press ? or * to list all spells.
Aiming: Mephitic Cloud (dangerous; 3% risk of failure)
Press: ? - help, Shift-Dir - straight line, f/p - orc warrior
Aim: an orc warrior, wielding a +0 war axe and wearing a +0 scale mail (strong, chance to affect: 81%)
The ball explodes into a vile cloud!
The stinking cloud engulfs the orc warrior but does no damage.
The orc warrior is engulfed in noxious fumes.
The orc warlord roars a battlecry!
The orc knight goes into a battle-frenzy!
The orc warrior hits you with a +0 war axe!
Casting: Mephitic Cloud (dangerous; 3% risk of failure)
Confirm with . or Enter, or press ? or * to list all spells.
Aiming: Mephitic Cloud (dangerous; 3% risk of failure)
Press: ? - help, Shift-Dir - straight line, f/p - orc warrior
Aim: an orc warrior, wielding a +0 war axe and wearing a +0 scale mail (strong, chance to affect: 81%)
Okay, then.
Unknown command.
Casting: Mephitic Cloud (dangerous; 3% risk of failure)
Confirm with . or Enter, or press ? or * to list all spells.
You blink.
Casting: Blink (safe; 4% risk of failure)
Confirm with . or Enter, or press ? or * to list all spells.
Aiming: Mephitic Cloud (dangerous; 3% risk of failure)
Press: ? - help, Shift-Dir - straight line, f/p - orc warrior
Aim: an orc warrior, wielding a +0 war axe and wearing a +0 scale mail (strong, chance to affect: 81%)
Okay, then.
Unknown command.
The orc knight hits you with a +0 war axe!
The gnoll closely misses you.
The orc knight attacks as you move away!
The orc knight hits you with a +0 war axe!
* * * LOW HITPOINT WARNING * * *
You feel stable enough to blink again.
The gnoll hits you with a +2 dagger of protection.
* * * LOW HITPOINT WARNING * * *
Unknown command.
The orc knight attacks as you move away!
The orc knight hits you with a +0 war axe!
You die...

#)..........
###.........# .
###.###.....### ..
###.....#'#.### ...
##.........### ....
#...........# .....
#......)....#
⌠.....#..o..⌠.....#
......'@oo..o.....#
......#.g.......).#
..... ##.........##
...# ###.....### .#
###.### ###


You could see an orc warlord, an orc knight (strong), 2 orc warriors and a
gnoll.

Vanquished Creatures
  5 orc warriors (Bailey)
  A black bear (D:4)
  2 ogres
  A centaur (D:4)
  A kobold brigand (D:6)
  2 scorpions (D:6)
  A necrophage (D:6)
  4 wights (D:6)
  5 howler monkeys (D:7)
  A crimson imp (D:5)
  4 hounds
  3 orc priests
  2 jellies (D:4)
  Ijyb (D:4)
  Terence (D:2)
  4 iguanas
  3 orc wizards
  4 gnolls
  7 adders
  A shadow imp (D:5)
  2 white imps
  2 ufetubi
  2 worms
  3 dart slugs
  20 orcs
  8 ball pythons
  10 endoplasms
  A giant cockroach (D:3)
  17 goblins
  10 hobgoblins
  2 jackals
  A quokka (D:3)
  5 bats
  4 frilled lizards
  11 kobolds
  6 rats
157 creatures vanquished.

Vanquished Creatures (collateral kills)
  An ogre (D:5)
  A necrophage (D:5)
  A scorpion (D:5)
3 creatures vanquished.

Grand Total: 160 creatures vanquished

Notes
Turn   | Place    | Note
-------+----------+-------------------------------------------
     0 | D:1      | pokeman the Deep Elf Hedge Wizard began the quest for the
                  | Orb.
     0 | D:1      | Reached XP level 1. HP: 10/10 MP: 7/7
   107 | D:1      | Found a faded altar of an unknown god.
   492 | D:1      | Reached XP level 2. HP: 16/16 MP: 9/9
  1061 | D:2      | Reached skill level 5 in Spellcasting
  1139 | D:2      | Reached XP level 3. HP: 19/20 MP: 11/11
  1143 | D:2      | Learned a level 3 spell: Mephitic Cloud
  1146 | D:2      | Learned a level 2 spell: Call Imp
  1149 | D:2      | Learned a level 2 spell: Blink
  1271 | D:2      | Noticed Terence
  1281 | D:2      | Killed Terence
  1282 | D:2      | Reached skill level 1 in Fighting
  1282 | D:2      | Reached skill level 1 in Armour
  1336 | D:2      | Reached XP level 4. HP: 23/25 MP: 13/13
  1499 | D:2      | Identified the +0 chain mail of Misu {Int+4}
  1702 | D:2      | Reached skill level 6 in Spellcasting
  1702 | D:2      | Reached XP level 5. HP: 14/29 MP: 15/15
  2501 | D:4      | Noticed Ijyb
  2515 | D:4      | Reached skill level 1 in Air Magic
  2515 | D:4      | Reached skill level 1 in Poison Magic
  2526 | D:4      | Killed Ijyb
  2527 | D:4      | Reached XP level 6. HP: 19/34 MP: 17/17
  2732 | D:4      | Reached skill level 7 in Spellcasting
  2732 | D:4      | Reached skill level 1 in Evocations
  2850 | D:4      | Reached XP level 7. HP: 39/39 MP: 20/20
  3211 | D:5      | Entered Level 5 of the Dungeon
  3225 | D:5      | Reached skill level 8 in Spellcasting
  3241 | D:5      | Found a sacrificial altar of Ru.
  3477 | D:5      | Learned a level 4 spell: Flame Wave
  3773 | D:6      | Reached XP level 8. HP: 44/44 MP: 22/22
  3776 | D:6      | Reached skill level 1 in Fire Magic
  3784 | D:6      | Reached skill level 9 in Spellcasting
  4450 | D:6      | Found an ancient bone altar of Kikubaaqudgha.
  4478 | D:6      | Found a staircase to the Ecumenical Temple.
  4487 | Temple   | Entered the Ecumenical Temple
  4523 | Temple   | Became a worshipper of Vehumet
  4588 | D:6      | Reached skill level 5 in Conjurations
  4950 | D:6      | Reached skill level 10 in Spellcasting
  5178 | D:7      | Found a flagged portal.
  5189 | Bailey   | Entered a bailey
  5259 | Bailey   | Reached XP level 9. HP: 19/48 MP: 25/25
  5383 | Bailey   | Reached skill level 11 in Spellcasting
  5451 | Bailey   | Reached * piety under Vehumet
  5451 | Bailey   | Offered knowledge of Kiss of Death by Vehumet.
  5695 | Bailey   | Noticed an orc warlord
  5706 | Bailey   | Noticed an orc knight
  5716 | Bailey   | Mangled by an orc knight

Illustrated notes

Levels and vault maps discovered:
D:1:      reono_arrival_mine, layout_basic, ebering_ecumenical_altar_hall
D:2:      layout_basic, minmay_circle_x, uniq_terence
D:3:      layout_rooms, minmay_close_crescents
D:4:      layout_basic, hangedman_decor_riveting, uniq_ijyb
D:5:      layout_cave_pools, mainiacjoe_overflow_cross_hatched,
          minmay_fire_ice_demons
D:6:      nicolae_cairo_tiling_large, layout_basic,
          mainiacjoe_overflow_brackets, minmay_temple_entry_glass
D:7:      layout_layer_cave, enter_bailey_2, uniq_joseph
Temple:   mainiacjoe_temple_bowtie_tessellation
Bailey:   bailey_axe_minmay_hex_keep, bailey

Skill      XL: |  1  2  3  4  5  6  7  8  9 |
---------------+----------------------------+-----
Spellcasting   | 5 6 7 8 10 11 | 11.2
Fighting       | 1 2 |  2.0
Armour         | 1 2 3 |  3.6
Conjurations   | 2 3 4 5 6 |  6.1
Stealth        | 3 |  3.1
Dodging        | 3 |  3.0
Air Magic      | 1 2 |  2.0
Poison Magic   | 1 |  1.2
Evocations     | 1 |  1.0
Summonings     | 2 |  2.2
Fire Magic     | 3 4 |  4.0
Translocations | |  1.1

Action                     |  1- 3 |  4- 6 |  7- 9 || total
---------------------------+-------+-------+-------++-------
  Melee: Arbalest          |       |       |    13 ||    13
   Fire: Arbalest          |    12 |    53 |    98 ||   163
   Cast: Magic Dart        |    62 |    65 |   123 ||   250
         Mephitic Cloud    |     2 |    14 |    30 ||    46
         Call Imp          |       |     1 |     5 ||     6
         Flame Wave        |       |       |     9 ||     9
         Blink             |       |       |     3 ||     3
 Armour: Robe              |     7 |    26 |    40 ||    73
         Skin              |       |     1 |       ||     1
  Dodge: Dodged            |    22 |    45 |   104 ||   171

Table legend: (Time is in decaauts)
 A = Elapsed time spent in this place.
 B = Non-inter-level travel time spent in this place.
 C = Inter-level travel time spent in this place.
 D = Time resting spent in this place.
 E = Time spent auto-exploring this place.
 F = Levels seen in this place.
 G = Mean time per level.
                   A        B        C        D        E       F      G
               +--------+--------+--------+--------+--------+-----+--------+
         Total |   5865 |   5687 |    178 |    559 |   3767 |   9 |  651.7 |
       Dungeon |   5270 |   5116 |    154 |    364 |   3612 |   7 |  752.9 |
        Temple |     61 |     37 |     24 |      0 |     27 |   1 |   61.0 |
        Bailey |    533 |    533 |      0 |    195 |    128 |   1 |  533.0 |
               +--------+--------+--------+--------+--------+-----+--------+

Top non-repeatable levels by time:
     D:1: 937 daAuts
     D:6: 932 daAuts
     D:4: 926 daAuts
     D:5: 853 daAuts
     D:2: 826 daAuts
     D:3: 584 daAuts
  Bailey: 533 daAuts
     D:7: 209 daAuts
  Temple: 61 daAuts
